 Dungeon Crawl Stone Soup version 0.28.0-45-g0d030f2227 (webtiles) character file.

Game seed: 8700520280257952223

1661 Revguard the Gusty (level 9, -2/51 HPs)
             Began as a Tengu Air Elementalist on Mar 30, 2022.
             Shot with an arrow by a centaur (5 damage)
             ... on level 5 of the Dungeon.
             The game lasted 00:24:32 (6249 turns).

Revguard the Gusty (Tengu Air Elementalist)         Turns: 6249, Time: 00:24:32

Health: -2/51      AC:  3    Str:  8    XL:     9   Next: 0%
Magic:  15/17      EV: 17    Int: 22    God:
Gold:   190        SH:  0    Dex: 19    Spells: 4/17 levels left

rFire   . . .      SeeInvis .   q - +3 rapier
rCold   . . .      Faith    .   (no shield)
rNeg    . . .      Spirit   .   a - +1 robe
rPois   .          Reflect  .   i - +0 hat
rElec   .          Harm     .   (no cloak)
rCorr   .          Rampage  .   (no gloves)
Will    .....                   (boots unavailable)
Stlth   +++.......              l - amulet of magic regeneration
HPRegen 0.17/turn               d - ring of wizardry
MPRegen 0.55/turn               k - +6 ring of intelligence

@: attractive, flying quickly and evasively, quick
A: beak, talons 3, nimble flight
a: no special abilities


You were on level 5 of the Dungeon.
You visited 1 branch of the dungeon, and saw 5 of its levels.

You collected 190 gold pieces.

Inventory:

Hand Weapons
 b - a +2 dagger of holy wrath
 m - a +2 dagger of flaming
 q - a +3 rapier (weapon)
Missiles
 p - a throwing net
Armour
 a - a +1 robe (worn)
 i - a +0 hat (worn)
Jewellery
 d - a ring of wizardry (left hand)
 k - a +6 ring of intelligence (right hand)
 l - an amulet of magic regeneration (around neck)
Wands
 j - a wand of iceblast (2)
Scrolls
 f - 2 scrolls of teleportation
Potions
 e - a potion of haste


   Skills:
 + Level 3.2 Fighting
 + Level 3.5 Short Blades
 + Level 3.7 Armour
 + Level 4.3 Dodging
 + Level 4.3 Stealth
 * Level 4.9 Spellcasting
 + Level 4.4 Conjurations
 + Level 3.2 Fire Magic
 + Level 6.0 Air Magic


You had 4 spell levels left.
You knew the following spells:

 Your Spells              Type           Power      Damage    Failure   Level
a - Shock                 Conj/Air       100%       1d9       1%          1
b - Static Discharge      Conj/Air       28%        N/A       1%          2
c - Swiftness             Air            32%        N/A       1%          3
d - Conjure Flame         Conj/Fire      22%        6-21      2%          3
e - Sticky Flame          Conj/Fire      22%        2d4       9%          4

Your spell library contained the following spells:

 Spells                   Type           Power      Damage    Failure   Level
 Airstrike                Air            16%        N/A       3%          4
 Ignite Poison            Fire/Tmut/Pois 10%        N/A       9%          3
 Gell's Gravitas          Tloc           5%         N/A       12%         3
 Ozocubu's Armour         Ice            5%         N/A       12%         3
 Teleport Other           Tloc           5%         N/A       12%         3
 Irradiate                Conj/Tmut      7%         3d16      41%         5
 Blade Hands              Tmut           2%         N/A       71%         5
 Metabolic Englaciation   Hex/Ice        2%         N/A       71%         5
 Dispersal                Tloc           2%         N/A       99%         6
 Simulacrum               Ice/Necr       2%         N/A       99%         6
 Dragon Form              Tmut           2%         N/A       100%        7


Dungeon Overview and Level Annotations

Branches:
Dungeon (5/15)
 Temple: D:4-7

Altars:
Makhleb
Trog


Innate Abilities, Weirdness & Mutations

You have a beak for a mouth.
You have claws for feet.
Your magical nature lets you fly swiftly and evasively.


Message History

The orc priest is heavily wounded.
The zap hits the orc priest.
The orc priest is moderately wounded.
The orc priest barely misses you.
The centaur wields a +1 shortbow of flaming.
It bursts into flame!
The centaur shoots an arrow.
The arrow misses you.
Aiming: Shock (safe; 1% risk of failure)
Press: ? - help, Q - select action, (/) - cycle Shift-Dir - straight line, f/p - orc priest
Aim: an orc priest, wielding a +0 club and wearing a +0 ring mail (moderately wounded, 77% to hit)
The zap hits the orc priest.
The orc priest is almost dead.
The zap hits the orc priest!
You kill the orc priest!
The zap hits the orc priest.
The orc priest is moderately wounded.
The orc priest completely misses you.
Aiming: Shock (safe; 1% risk of failure)
Press: ? - help, Q - select action, (/) - cycle Shift-Dir - straight line, f/p - orc priest
Aim: an orc priest, wielding a +0 club and wearing a +0 ring mail (moderately wounded, 77% to hit)
The zap hits the orc priest.
You kill the orc priest!
The zap misses the orc priest.
The orc priest mumbles some strange prayers to Beogh against you.
Beogh smites you!
The centaur shoots an arrow.
The arrow hits you!
* * * LOW HITPOINT WARNING * * *
The arrow burns you.
* * * LOW HITPOINT WARNING * * *
You have reached level 9!
Your experience leads to an increase in your attributes!
Your base attributes are Str 8, Int 16, Dex 17.
Increase (S)trength, (I)ntelligence, or (D)exterity?
You feel agile. x2
Okay, then.
You feel better.
The centaur shoots an arrow.
The arrow closely misses you.
Really quaff the potion of attraction?
You feel attractive to monsters.
The centaur shoots an arrow.
The arrow hits you!
* * * LOW HITPOINT WARNING * * *
The arrow burns you.
You die...

######.#..........(....#
.# #.####.>..#....#.##
.#
##.##...##....#.#.###.#
#...######.##.#.........
#...# ##<##.....####.###
#...# #...#######......
#._.# #...#### #.##.# #
#...# #...##.##
#....##.# #####
#.@.#.#.###...... #
#.####)...###.##..#.##.#
#...o....## ##.....?...#
.......c## ##...#....5
#........## ##5..##.#.Y#
..####....###5#........#
# #...#5#.##.##.##.##
#...##5###.......#
#...#### ####.####


You could see a centaur and an orc priest.

Vanquished Creatures
  Pikel (D:5)
  Eustachio (D:5)
  A water moccasin (D:4)
  A black bear (D:4)
  An ice beast (D:5)
  A sky beast (D:4)
  An ogre (D:5)
  3 lemures (D:5)
  A scorpion (D:5)
  A water moccasin zombie (D:5)
  2 bullfrog zombies (D:5)
  A jelly (D:4)
  2 orc priests (D:5)
  An orc wizard (D:3)
  An iguana (D:4)
  A killer bee zombie (D:4)
  7 gnolls (D:4)
  7 adders
  An adder skeleton (D:4)
  2 worms (D:2)
  2 dart slugs (D:4)
  7 orcs
  6 ball pythons
  9 endoplasms
  4 giant cockroaches
  10 goblins
  4 hobgoblins
  2 jackals (D:3)
  A quokka (D:3)
  3 bats
  6 kobolds
  5 rats
96 creatures vanquished.

Vanquished Creatures (others)
  2 demonic plants (D:3)
  A fungus (D:3)
  2 plants (D:3)
  3 withered plants (D:3)
8 creatures vanquished.

Grand Total: 104 creatures vanquished

Notes
Turn   | Place    | Note
-------+----------+-------------------------------------------
     0 | D:1      | Revguard the Tengu Air Elementalist began the quest for the
                  | Orb.
     0 | D:1      | Reached XP level 1. HP: 10/10 MP: 4/4
   537 | D:1      | Reached XP level 2. HP: 15/15 MP: 6/6
   649 | D:1      | Learned a level 2 spell: Static Discharge
  1155 | D:2      | Reached XP level 3. HP: 14/20 MP: 0/7
  1158 | D:2      | Reached skill level 1 in Armour
  1162 | D:2      | Learned a level 3 spell: Swiftness
  2047 | D:2      | Reached XP level 4. HP: 17/24 MP: 0/8
  2143 | D:2      | Reached skill level 1 in Short Blades
  2833 | D:3      | Reached skill level 1 in Fighting
  3367 | D:3      | Found a faded altar of an unknown god.
  3737 | D:3      | Found a burning altar of Makhleb.
  3737 | D:3      | Noticed a balrug
  3741 | D:3      | Noticed a smoke demon
  3741 | D:3      | Noticed a neqoxec
  3812 | D:3      | Gained mutation: Your magical nature lets you fly swiftly
                  | and evasively. [Tengu growth]
  3812 | D:3      | Reached XP level 5. HP: 29/29 MP: 8/10
  3840 | D:3      | Learned a level 3 spell: Conjure Flame
  3907 | D:4      | Noticed a water moccasin
  3910 | D:4      | Killed a water moccasin
  3915 | D:4      | Reached XP level 6. HP: 32/34 MP: 8/11
  3961 | D:4      | Reached skill level 1 in Fire Magic
  4216 | D:4      | Noticed a sky beast
  4251 | D:4      | Killed a sky beast
  4252 | D:4      | Reached XP level 7. HP: 37/39 MP: 0/13
  4562 | D:4      | Reached skill level 5 in Air Magic
  5398 | D:5      | Entered Level 5 of the Dungeon
  5427 | D:5      | Learned a level 4 spell: Sticky Flame
  5715 | D:5      | Reached XP level 8. HP: 35/45 MP: 15/15
  5814 | D:5      | Noticed Eustachio
  5822 | D:5      | Killed Eustachio
  5905 | D:5      | Found a bloodstained altar of Trog.
  5952 | D:5      | Noticed Pikel
  5988 | D:5      | Killed Pikel
  5989 | D:5      | Reached skill level 6 in Air Magic
  6248 | D:5      | Reached XP level 9. HP: 6/51 MP: 14/17
  6249 | D:5      | Shot with an arrow by a centaur

Illustrated notes

Levels and vault maps discovered:
D:1:      evilmike_arrival_hilbert_curve, layout_basic
D:2:      layout_basic
D:3:      layout_basic, makhleb_altar_promises_db, shapermc_ecumenical_altar_gd,
          serial_bayou_pond_e, kennysheep_generic_room_5
D:4:      layout_basic, grunt_ministairs_2
D:5:      layout_loops_cross, nicolae_ashenzari_skybound, trog_book, uniq_pikel,
          uniq_eustachio

Skill      XL: |  1  2  3  4  5  6  7  8 |
---------------+-------------------------+-----
Armour         | 1 2 3 |  3.7
Short Blades   | 1 2 3 |  3.5
Fighting       | 1 2 3 |  3.2
Conjurations   | 2 3 4 |  4.4
Spellcasting   | 3 4 |  4.9
Stealth        | 3 4 |  4.3
Fire Magic     | 1 2 3 |  3.2
Dodging        | 3 4 |  4.3
Air Magic      | 5 6 |  6.0

Action                   |  1- 3 |  4- 6 |  7- 9 || total
-------------------------+-------+-------+-------++-------
Melee: Short sword       |    19 |       |       ||    19
       Kick              |     8 |     6 |    20 ||    34
       Peck              |     4 |     3 |    15 ||    22
       Dagger            |    22 |    42 |    55 ||   119
 Cast: Shock             |    28 |    46 |    31 ||   105
       Static Discharge  |     5 |     8 |     8 ||    21
       Conjure Flame     |       |     4 |     2 ||     6
       Sticky Flame      |       |       |     5 ||     5
Evoke: Wand              |       |       |     2 ||     2
  Use: Scroll            |     3 |     2 |     4 ||     9
       Potion            |     1 |     1 |     3 ||     5
 Stab: Sleeping          |     7 |     6 |     2 ||    15
Armor: Robe              |    11 |    11 |    12 ||    34
Dodge: Dodged            |    20 |    29 |    56 ||   105
